 Dungeon Crawl Stone Soup version 0.22-a0-348-gd16d139 (webtiles) character file.

2629 Firecrotchwizard the Basher (level 9, -11/56 HPs)
             Began as a Gargoyle Fighter on Apr 8, 2018.
             Was a Believer of Okawaru.
             Mangled by a wolf spider (12 damage)
             ... on level 7 of the Dungeon.
             The game lasted 00:15:05 (7551 turns).

Firecrotchwizard the Basher (Gargoyle Fighter)      Turns: 7551, Time: 00:15:06

Health: -11/56     AC: 19    Str: 19    XL:     9   Next: 61%
Magic:  8/9        EV: 10    Int: 10    God:    Okawaru [**....]
Gold:   426        SH: 15    Dex: 12    Spells: 8/8 levels left

rFire    . . .     SeeInvis .   a - +0 flail
rCold    . . .     Gourm    .   c - +0 shield
rNeg     + . .     Faith    .   z - +0 chain mail
rPois    ∞         Spirit   .   v - +0 helmet
rElec    +         Reflect  +   g - +0 cloak
rCorr    .         Harm     .   (no gloves)
MR       .....                  (no boots)
Stlth    ..........             A - +5 amulet of reflection
HPRegen  0.18/turn              (no ring)
MPRegen  0.11/turn              B - +4 ring of evasion

@: no status effects
A: negative energy resistance 1, electricity resistance, unbreathing,
petrification resistance, rot immunity, AC +6
a: Heroism, Renounce Religion


You were on level 7 of the Dungeon.
You worshipped Okawaru.
Okawaru was pleased with you.
You were not hungry.

You visited 2 branches of the dungeon, and saw 9 of its levels.

You collected 426 gold pieces.

Inventory:

Hand Weapons
 a - a +0 flail (weapon)
Armour
 c - a +0 shield (worn)
 g - a +0 cloak (worn)
   (You found it on level 3 of the Dungeon)
 v - a +0 helmet (worn)
   (You found it on level 4 of the Dungeon)
 z - a +0 chain mail (worn)
   (You found it on level 5 of the Dungeon)
Jewellery
 s - an uncursed ring of wizardry {Wiz+, !d}
   (You found it on level 4 of the Dungeon)
 A - a +5 amulet of reflection (around neck)
   (You found it on level 5 of the Dungeon)
 B - a +4 ring of evasion (right hand)
   (You found it on level 5 of the Dungeon)
Wands
 k - a wand of polymorph (5)
   (You found it on level 3 of the Dungeon)
 C - a wand of digging (7)
   (You found it on level 5 of the Dungeon)
Scrolls
 d - a scroll of immolation {unknown}
 h - a scroll of enchant armour {unknown}
 i - 2 scrolls of enchant weapon {unknown}
 j - a scroll of amnesia {unknown}
 n - 3 scrolls of teleportation
 o - 5 scrolls of identify
 p - a scroll of random uselessness {unknown}
 r - 2 scrolls of blinking {unknown}
 t - a scroll of fog {unknown}
Potions
 e - 2 potions of lignification {unknown}
 f - a potion of heal wounds {unknown}
 l - 5 potions of curing
 m - a potion of ambrosia {unknown}
 q - a potion of magic {unknown}
 u - a potion of resistance {unknown}
 E - a potion of flight {unknown}
Comestibles
 b - 2 chunks of flesh {@w0}
 w - 5 rations {@e1}


   Skills:
 + Level 6.9 Fighting
 * Level 8.3 Maces & Flails
 + Level 7.2 Armour
 - Level 1.0 Dodging
 - Level 0.1 Stealth
 + Level 6.9 Shields


You had 8 spell levels left.
You didn't know any spells.

Dungeon Overview and Level Annotations

Branches:
Dungeon (8/15)             Temple (1/1) D:5
   Lair: D:8-11

Altars:
Ashenzari
Cheibriados
Dithmenos
Elyvilon
Fedhas
Gozag
Hepliaklqana
Kikubaaqudgha
Makhleb
Nemelex Xobeh
Okawaru
Qazlal
Ru
Sif Muna
Trog
Uskayaw
Vehumet
Wu Jian
Xom
Yredelemnul
The Shining One

Annotations:
D:5 1 runed door


Innate Abilities, Weirdness & Mutations

You are resistant to torment.
Your stone body is resilient. (AC +6)
You are immune to poison.
You resist negative energy. (rN+)
You are resistant to electric shocks. (rElec)
You can survive without breathing.
You are immune to petrification.
You are immune to rotting.


Message History

The black bear claws you but does no damage.
You sock the black bear!
You kill the black bear!
Okawaru accepts your kill.
No target in view!
You butcher the black bear corpse.
b - 2 chunks of flesh {@w0} A two-headed ogre comes into view.
It is wielding a giant spiked club and a dire flail.
The two-headed ogre shouts in stereo!
You hear a distant blaring wail to the south.
Aim: a two-headed ogre, wielding a giant spiked club and a dire flail (chance to defeat MR: 28%)
The two-headed ogre easily resists.
Aim: a two-headed ogre, wielding a giant spiked club and a dire flail (chance to defeat MR: 28%)
The two-headed ogre evaporates and reforms as a wolf spider!
Okay, then.
A leopard gecko comes into view.
The leopard gecko hisses angrily.
You block the leopard gecko's attack.
There is a stone staircase leading up here.
The wolf spider closely misses you. You block the wolf spider's attack.
The leopard gecko bites you but does no damage.
You climb upwards.
There is a stone staircase leading down here.
You closely miss the wolf spider. You block the wolf spider's attack. x2
The leopard gecko closely misses you. The wolf spider barely misses you.
The wolf spider bites you but does no damage.
You hit the wolf spider. You block the leopard gecko's attack.
The wolf spider hits you! The wolf spider bites you.
You block the leopard gecko's attack.
You take 17 damage, and have 39/56 hp.
MASSIVE DAMAGE!!
You closely miss the wolf spider. You block the wolf spider's attack.
The wolf spider barely misses you. You block the wolf spider's attack.
The wolf spider closely misses you.
The leopard gecko bites you but does no damage.
You closely miss the wolf spider. You block the wolf spider's attack. x2
The leopard gecko barely misses you. The wolf spider barely misses you.
The wolf spider bites you.
You take 4 damage, and have 35/56 hp.
You thump the wolf spider! You block the leopard gecko's attack.
The wolf spider hits you! The wolf spider closely misses you.
You take 10 damage, and have 25/56 hp.
You gain the combat prowess of a mighty hero.
You block the wolf spider's attack.
The wolf spider bites you but does no damage.
You block the leopard gecko's attack. The wolf spider hits you!
You block the wolf spider's attack. The leopard gecko misses you.
You take 7 damage, and have 18/56 hp.
You now have 7/9 mp.
You closely miss the wolf spider.
The wolf spider hits you but does no damage.
You block the wolf spider's attack.
You barely miss the wolf spider. The leopard gecko bites you.
* * * LOW HITPOINT WARNING * * *
The wolf spider hits you.
* * * LOW HITPOINT WARNING * * *
You block the wolf spider's attack.
You take 6 damage, and have 12/56 hp.
Your shield and chain mail prevent you from hitting the wolf spider.
You block the leopard gecko's attack. You block the wolf spider's attack. x2
You barely miss the wolf spider. You block the leopard gecko's attack.
You block the wolf spider's attack. The wolf spider bites you.
* * * LOW HITPOINT WARNING * * *
You take 5 damage, and have 7/56 hp.
You sock the wolf spider! You block the leopard gecko's attack.
You block the wolf spider's attack. The wolf spider closely misses you.
You closely miss the wolf spider. You block the wolf spider's attack.
The wolf spider barely misses you.
The leopard gecko bites you but does no damage.
You barely miss the wolf spider. The wolf spider completely misses you.
You block the wolf spider's attack. The leopard gecko misses you.
Your shield and chain mail prevent you from hitting the wolf spider.
The wolf spider closely misses you. You block the wolf spider's attack.
You sock the wolf spider! You block the wolf spider's attack. x2
The leopard gecko bites you but does no damage.
You hit the wolf spider but do no damage.
You block the wolf spider's attack. x2; The leopard gecko barely misses you.
You closely miss the wolf spider. You block the wolf spider's attack.
The wolf spider misses you. You block the leopard gecko's attack.
You barely miss the wolf spider. The wolf spider barely misses you.
You block the wolf spider's attack. The leopard gecko barely misses you.
The wolf spider closely misses you.
The wolf spider bites you but does no damage.
You hit the wolf spider.
You feel like a meek peon again. You block the leopard gecko's attack.
You block the wolf spider's attack. The wolf spider bites you.
* * * LOW HITPOINT WARNING * * *
You take 5 damage, and have 3/56 hp.
Your shield and chain mail prevent you from hitting the wolf spider.
The leopard gecko barely misses you. You block the wolf spider's attack.
The wolf spider bites you but does no damage.
You hit the wolf spider. The wolf spider hits you.
* * * LOW HITPOINT WARNING * * *
You block the wolf spider's attack. You block the leopard gecko's attack.
The wolf spider misses you.
The wolf spider bites you but does no damage.
You take 2 damage, and have 1/56 hp.
You closely miss the wolf spider. You block the leopard gecko's attack.
The wolf spider hits you!
You die...

#.##..######....####.
##...............#....
#...#............#....
#...###.....#....#....
#.....+.....'....+....
#...###.....#....##...
##...........#....##...
#......l...............
######.....@................
#..........s.....########...
##.###.......#.....########.
#.# #......##......<..####.
#.# #......####............
#.# #......# ##............
#.# ##########.............
#.# #...........##........
#.# #...........##....###.


You could see a wolf spider and a leopard gecko.

Vanquished Creatures
  The ghost of Anachronus the Quickloader, a novice MiHu of Dithmenos (D:7)
  A basilisk (D:6)
  A steam dragon (D:6)
  A hungry ghost (D:4)
  2 black bears
  A sky beast (D:6)
  An ice beast (D:6)
  A centaur (D:6)
  An ogre (D:7)
  2 phantoms
  The ghost of fartbutt the Skirmisher, an amateur DsFi (D:3)
  4 bullfrogs
  2 howler monkeys
  A centaur zombie (D:7)
  2 hounds
  An orc priest (D:6)
  A centaur skeleton (D:7)
  A bullfrog skeleton (D:4)
  An iguana (D:5)
  5 orc wizards
  A worker ant (D:4)
  A killer bee zombie (D:6)
  12 gnolls
  6 adders
  2 shadow imps (D:6)
  3 adder skeletons (D:5)
  3 worms
  3 dart slugs
  4 leopard geckos
  24 orcs
  7 giant cockroaches
  10 goblins
  11 hobgoblins
  15 jackals
  4 quokkas
  A ball python (D:3)
  8 bats
  7 frilled lizards
  10 kobolds
  A quokka skeleton (D:5)
  10 rats
174 creatures vanquished.

Vanquished Creatures (others)
  A scorpion (D:4)
  2 orc wizards
  An adder (D:4)
  A worm (D:4)
  A dart slug (D:4)
  A jackal (D:4)
7 creatures vanquished.

Grand Total: 181 creatures vanquished

Notes
Turn   | Place    | Note
-------+----------+-------------------------------------------
     0 | D:1      | Firecrotchwizard the Gargoyle Fighter began the quest for the Orb.
     0 | D:1      | Reached XP level 1. HP: 14/14 MP: 1/1
   122 | D:1      | Reached XP level 2. HP: 8/19 MP: 2/2
   550 | D:1      | Reached XP level 3. HP: 23/23 MP: 3/3
  1216 | D:2      | Reached skill level 3 in Maces & Flails
  1385 | D:2      | Reached XP level 4. HP: 29/29 MP: 4/4
  2006 | D:3      | Reached XP level 5. HP: 29/33 MP: 5/5
  2056 | D:3      | Noticed fartbutt's ghost (amateur DsFi)
  2136 | D:2      | Reached skill level 4 in Armour
  2235 | D:3      | Reached skill level 4 in Shields
  2470 | D:3      | Killed fartbutt's ghost
  2470 | D:3      | Reached skill level 4 in Fighting
  2470 | D:3      | Reached skill level 4 in Maces & Flails
  2470 | D:3      | Reached XP level 6. HP: 23/38 MP: 6/6
  3152 | D:4      | Noticed a hungry ghost
  3228 | D:4      | Killed a hungry ghost
  3228 | D:4      | Reached skill level 1 in Dodging
  3370 | D:4      | Found a shimmering altar of Xom.
  3464 | D:4      | Reached XP level 7. HP: 44/44 MP: 7/7
  3624 | D:4      | Reached skill level 5 in Armour
  3915 | D:4      | Reached skill level 5 in Maces & Flails
  4309 | D:5      | Entered Level 5 of the Dungeon
  4653 | D:5      | Reached skill level 5 in Fighting
  4653 | D:5      | Reached skill level 5 in Shields
  4743 | D:5      | Found a staircase to the Ecumenical Temple.
  4752 | Temple   | Entered the Ecumenical Temple
  4791 | Temple   | Became a worshipper of Warmaster Okawaru
  4980 | D:5      | Found a runed door.
  5510 | D:6      | Reached XP level 8. HP: 49/49 MP: 8/8
  5543 | D:6      | Reached skill level 6 in Maces & Flails
  5887 | D:6      | HP: 2/50 [steam dragon/ball of steam (19)]
  5889 | D:6      | Reached skill level 6 in Armour
  5893 | D:6      | Reached * piety under Okawaru
  5933 | D:6      | HP: 9/51 [jackal (1)]
  6378 | D:6      | Reached skill level 6 in Shields
  6381 | D:6      | Reached skill level 6 in Fighting
  6381 | D:6      | Reached skill level 7 in Maces & Flails
  6652 | D:6      | Reached XP level 9. HP: 38/55 MP: 9/9
  7031 | D:7      | Noticed Anachronus's ghost (novice MiHu)
  7076 | D:7      | Killed Anachronus's ghost
  7076 | D:7      | Reached ** piety under Okawaru
  7103 | D:7      | Reached skill level 7 in Armour
  7166 | D:7      | Reached skill level 8 in Maces & Flails
  7519 | D:8      | Noticed a two-headed ogre
  7521 | D:8      | Noticed a wolf spider
  7521 | D:8      | a two-headed ogre changed into a wolf spider
  7537 | D:7      | HP: 12/56 [wolf spider (4)]
  7548 | D:7      | HP: 3/56 [wolf spider (6)]
  7550 | D:7      | HP: 1/56 [wolf spider (2)]
  7551 | D:7      | Mangled by a wolf spider

Vault maps used:
D:1:      dpeg_arrival_rhombi, kennysheep_doodads
D:2:      hangedman_abyss_or_decor_lesser_grid, bh_walls_and_bars
D:4:      minivault_14, xom_confusion_cloud
D:5:      minmay_temple_entry_fiery, first_ration, serial_co_window_serial,
          co_window_of_opportunity_a, co_window_corner_a, co_window_paths_a,
          co_window_paths_a, co_window_paths_b, co_window_broadway_c,
          co_window_unsneaky_path_c, co_window_corner_b, co_window_2corner,
          co_window_corner_b, co_window_of_opportunity_c, glass_columns_b,
          grunt_ministairs_7, small_statue_intersection, uniq_crazy_yiuf_cottage
D:8:      kennysheep_mini, lair_entry_dummy
Temple:   nicolae_temple_the_god_donut

Skill      XL: |  1  2  3  4  5  6  7  8  9 |
---------------+----------------------------+-----
Maces & Flails | 3 4 5 7 8 |  8.3
Armour         | 4 5 6 7 |  7.2
Shields        | 4 5 6 |  6.9
Fighting       | 4 5 6 |  6.9
Dodging        | 1 |  1.0
Stealth        | |  0.1

Action                   |  1- 3 |  4- 6 |  7- 9 || total
-------------------------+-------+-------+-------++-------
Melee: Flail             |   150 |   254 |   571 ||   975
Invok: Heroism           |       |       |     1 ||     1
Evoke: Wand              |       |       |     3 ||     3
  Use: Scroll            |       |     4 |     2 ||     6
       Potion            |       |     1 |     1 ||     2
  Eat: Chunk             |     2 |     7 |    14 ||    23
       Ration            |       |     5 |       ||     5
Armor: Scale mail        |    88 |   133 |    72 ||   293
       Chain mail        |       |       |   249 ||   249
Dodge: Dodged            |    51 |    89 |   185 ||   325
Block: Shield            |    75 |   138 |   398 ||   611

Table legend:
 A = Spawn XP
 B = Non-spawn XP
 C = Spawn XP percentage of total XP
 D = Spawn monster count
 E = Non-spawn monster count
 F = Spawn count percentage of total count
 G = Total turns spent on level
                    A         B        C        D         E        F      G
               +---------+---------+-------+---------+---------+-------+---------
         Total |       0 |    3757 |   0.0 |       0 |     175 |   0.0 |  7551
               +---------+---------+-------+---------+---------+-------+---------
           D:1 |       0 |      60 |   0.0 |       0 |      29 |   0.0 |  1125
           D:2 |       0 |      57 |   0.0 |       0 |      23 |   0.0 |   713
           D:3 |       0 |     237 |   0.0 |       0 |      32 |   0.0 |  1057
           D:4 |       0 |     522 |   0.0 |       0 |      17 |   0.0 |  1414
           D:5 |       0 |     280 |   0.0 |       0 |      14 |   0.0 |  1079
           D:6 |       0 |    1207 |   0.0 |       0 |      37 |   0.0 |  1366
           D:7 |       0 |    1182 |   0.0 |       0 |      21 |   0.0 |   716
           D:8 |       0 |     212 |   0.0 |       0 |       2 |   0.0 |    28
               +---------+---------+-------+---------+---------+-------+---------

Vault maps used:
D:1:      dpeg_arrival_rhombi, kennysheep_doodads
D:2:      hangedman_abyss_or_decor_lesser_grid, bh_walls_and_bars
D:4:      minivault_14, xom_confusion_cloud
D:5:      minmay_temple_entry_fiery, first_ration, serial_co_window_serial,
          co_window_of_opportunity_a, co_window_corner_a, co_window_paths_a,
          co_window_paths_a, co_window_paths_b, co_window_broadway_c,
          co_window_unsneaky_path_c, co_window_corner_b, co_window_2corner,
          co_window_corner_b, co_window_of_opportunity_c, glass_columns_b,
          grunt_ministairs_7, small_statue_intersection, uniq_crazy_yiuf_cottage
D:8:      kennysheep_mini, lair_entry_dummy
Temple:   nicolae_temple_the_god_donut

Table legend:
 A = Turns spent in this place as a percentage of turns spent in the entire game.
 B = Non-inter-level travel turns spent in this place as a percentage of non-inter-level travel turns spent in the entire game.
 C = Inter-level travel turns spent in this place as a percentage of turns spent in this place.
 D = Turns resting spent in this place as a percentage of non-inter-level travel turns spent in this place.
 E = Turns spent auto-exploring this place as a percentage of non-inter-level travel turns spent in this place.
 F = Non-inter-level travel turns spent in this place divided by the number of levels of this place that you've seen.
                   A       B       C       D       E      F
               +-------+-------+-------+-------+-------+----------------------
         Total | 100.0 | 100.0 |   2.4 |  21.3 |  54.7 | 818.6
       Dungeon |  99.3 |  99.5 |   2.3 |  21.4 |  54.9 | 915.9
        Temple |   0.7 |   0.5 |  24.5 |   0.0 |  17.5 |  40.0
               +-------+-------+-------+-------+-------+----------------------

Table legend:
 A = Kills in this place as a percentage of kills in entire the game.
 B = Kills by you in this place as a percentage of kills by you in the entire game.
 C = Kills by friends in this place as a percentage of kills by friends in the entire game.
 D = Other kills in this place as a percentage of other kills in the entire game.
 E = Experience gained in this place as a percentage of experience gained in the entire game.
 F = Experience gained in this place divided by the number of levels of this place that you have seen.
                   A       B       C       D       E      F
               +-------+-------+-------+-------+-------+----------------------
         Total | 100.0 | 100.0 |   N/A | 100.0 | 100.0 | 417.4
       Dungeon | 100.0 | 100.0 |   N/A | 100.0 | 100.0 | 469.6
               +-------+-------+-------+-------+-------+----------------------
